 Dungeon Crawl Stone Soup version 0.31.0-12-g77e489cdc1 (webtiles) character file.

Game seed: 7629657211779469086

72 Chiseanne the Covered (level 4, 34/34 HPs)
             Began as a Demonspawn Wanderer on Feb 16, 2024.
             Quit the game on level 2 of the Dungeon.
             The game lasted 00:03:08 (753 turns).

Chiseanne the Covered (Demonspawn Wanderer)          Turns: 753, Time: 00:03:09

Health: 34/34      AC:  7    Str: 13    XL:     4   Next: 6%
Magic:  4/4        EV:  9    Int: 13    God:
Gold:   56         SH:  0    Dex: 13    Spells: 3/3 levels left

rFire   . . .        a - +2 quarterstaff
rCold   . . .        (shield currently unavailable)
rNeg    . . .        c - +1 scale mail
rPois   .            (helmet restricted)
rElec   .            (no cloak)
rCorr   .            (no gloves)
SInv    .            (no boots)
Will    .....        (no amulet) Stlth
                     (no ring)
HPRegen 0.25/turn    (no ring)
MPRegen 0.09/turn

%: no passive effects
@: no status effects
A: antennae 1, spiny 1, MP-powered wands
a: no special abilities


You were on level 2 of the Dungeon.
You visited 1 branch of the dungeon, and saw 2 of its levels.

You collected 56 gold pieces.

Inventory:

Hand Weapons
 a - a +2 quarterstaff (weapon)
 b - a +0 spear
 f - a +0 dagger of venom
Missiles
 h - 13 stones (quivered)
Armour
 c - a +1 scale mail (worn)
Scrolls
 e - a scroll of enchant armour
 g - 2 scrolls of teleportation
Potions
 d - a potion of might


   Skills:
 * Level 2.4 Fighting
 - Level 2.6(3.0) Polearms
 - Level 1.7(2.5) Staves
 * Level 3.3 Armour
 * Level 2.1 Dodging


You had 3 spell levels left.
You didn't know any spells.
Your spell library contained the following spells:

 Spells                   Type           Power      Damage    Failure   Level
 Hailstorm                Conj/Ice       0%         3d5       99%         3
 Summon Ice Beast         Ice/Summ       0%         N/A       99%         3
 Sculpt Simulacrum        Ice/Alch       0%         N/A       100%        6


Dungeon Overview and Level Annotations

Branches:
Dungeon (2/15)

Altars:


Innate Abilities, Weirdness & Mutations

You have a pair of small antennae on your head.
You are partially covered in sharp spines.
You expend magic power (3 MP) to strengthen your wands.


Message History

You hit the bat.
You kill the bat!
The goblin shoots a sling bullet.
The sling bullet hits you but does no damage.
The goblin unwields a +0 sling.
The goblin wields a +0 club.
The goblin hits you but does no damage.
Things that are here:
a +0 short sword; a bat corpse; a quokka corpse You barely miss the goblin.
The goblin is struck by your spines. The goblin closely misses you.
You hit the goblin but do no damage.
The goblin is moderately wounded.
The goblin hits you with a +0 club.
You thump the goblin!
You kill the goblin!
Things that are here:
a +0 club; a +0 sling; a goblin corpse
Things that are here:
a +0 short sword; a bat corpse; a quokka corpse
Found a scale mail.
You now have 56 gold pieces (gained 15).
An adder comes into view.
You barely miss the adder. The adder misses you.
You miss the adder. The adder bites you.
You are poisoned.
The adder poisons you! The adder is struck by your spines.
The adder closely misses you.
You hit the adder but do no damage.
The adder is moderately wounded.
You feel sick. The adder is struck by your spines. The adder misses you.
You sock the adder!
You kill the adder!
You feel sick.
You have reached level 4!
You feel clever.
Your demonic ancestry asserts itself...
Your mutations feel more permanent.
You feel sick. x2
You are no longer poisoned.
A giant cockroach comes into view.
Are you sure you want to abandon this character and quit the game? (Confirm with "yes".)

..##..........#
####.###.## .
##.......... #....# #...
#...#####.# #.##.###.##
#....# #.# #.##....##
.....#..# #.# ##.##.####
#.....#..# #.# .##.##.#
[...###..####.##..##.##.#
.... #........B.....##.#
>.. ##.####@### ####.. ..
#.####.## ### #.......#
######..# #..# #..# #..#
#..# #..#


You could see a giant cockroach.

Vanquished Creatures
  Robin (D:2)
  An adder (D:2)
  2 dart slugs (D:1)
  3 ball pythons (D:1)
  An endoplasm (D:1)
  11 goblins
  6 hobgoblins
  6 jackals (D:1)
  A kobold (D:2)
  A quokka (D:2)
  2 bats
  5 frilled lizards
  3 rats (D:1)
43 creatures vanquished.

Notes
Turn   | Place    | Note
-------+----------+-------------------------------------------
     0 | D:1      | Chiseanne the Demonspawn Wanderer began the quest for the
                  | Orb.
     0 | D:1      | Chiseanne set off with the following items: a +2
                  | quarterstaff, a +0 spear, a +0 scale mail, a scroll of
                  | vulnerability.
     0 | D:1      | Reached XP level 1. HP: 15/15 MP: 1/1
   106 | D:1      | Gained mutation: You are partially covered in sharp spines.
                  | [demonic ancestry]
   106 | D:1      | Reached XP level 2. HP: 21/21 MP: 2/2
   148 | D:1      | Reached skill level 3 in Armour
   196 | D:1      | Found a faded altar of an unknown god.
   290 | D:1      | Reached XP level 3. HP: 26/27 MP: 3/3
   451 | D:2      | Noticed Robin
   469 | D:2      | Killed Robin
   471 | D:2      | Gained mutation: You have a pair of small antennae on your
                  | head. [potion of mutation]
   471 | D:2      | Gained mutation: You expend magic power (3 MP) to
                  | strengthen your wands. [potion of mutation]
   709 | D:2      | Mutation became permanent: You have a pair of small
                  | antennae on your head. [demonic ancestry]
   709 | D:2      | Gained mutation: You have a pair of small antennae on your
                  | head. [demonic ancestry]
   709 | D:2      | Reached XP level 4. HP: 28/34 MP: 4/4
   753 | D:2      | Quit the game

Illustrated notes

Levels and vault maps discovered:
D:1:      onia_arrival_pentagram, layout_rooms, ebering_ecumenical_altar_box,
          dreamdust_mushroom_princess
D:2:      layout_loops_ring, minmay_bisected, uniq_robin

Skill      XL: |  1  2  3 |
---------------+----------+-----
Armour         | 3 |  3.3
Fighting       | 2 |  2.4
Dodging        | 2 |  2.1
Polearms       | |  2.6
Staves         | |  1.7

Action                     |  1- 3 |  4- 6 || total
---------------------------+-------+-------++-------
  Melee: Quarterstaff      |    81 |       ||    81
    Use: Scroll            |     4 |       ||     4
         Potion            |     4 |       ||     4
 Armour: Scale mail        |    65 |       ||    65
  Dodge: Dodged            |    48 |       ||    48
